 Dungeon Crawl Stone Soup version 0.30.2 (webtiles) character file.

Game seed: 15834276211139381809

2783 porpoise the Skirmisher (level 9, -3/82 HPs)
             Began as a Minotaur Hunter on Mar 10, 2024.
             Slain by an ancient zyme (5 damage)
             ... on level 1 of the Abyss.
             The game lasted 00:16:44 (7838 turns).

porpoise the Skirmisher (Minotaur Hunter)           Turns: 7838, Time: 00:16:44

Health: -3/82      AC:  6    Str: 21    XL:     9   Next: 43%
Magic:  8/8        EV: 12    Int:  6    God:
Gold:   284        SH:  0    Dex: 19    Spells: 8/8 levels left

rFire   . . .        a - +0 shortbow (drain)
rCold   + . .        (shield currently unavailable)
rNeg    + . .        K - +3 leather armour {rC+}
rPois   .            (helmet restricted)
rElec   .            (no cloak)
rCorr   .            (no gloves)
SInv    .            (no boots)
Will    .....        (no amulet)
Stlth   ++           e - ring of positive energy
HPRegen 0.00/turn    x - +6 ring of strength
MPRegen 0.11/turn

%: no passive effects
@: sick
A: horns 2, retaliatory headbutt
a: no special abilities


You were on level 1 of the Abyss.
You visited 1 branch of the dungeon, and saw 7 of its levels.
You visited the Abyss 1 time.

You collected 284 gold pieces.

Inventory:

Hand Weapons
 a - a +0 shortbow of draining (weapon)
 b - a +0 whip of venom
 m - a +0 arbalest
 v - a +1 shortbow
 z - the +4 dagger of Guilt {protect, rC++ Str-3 Int+3}
   (You found it on level 4 of the Dungeon)

   Str:       It affects your strength (-3).
   Int:       It affects your intelligence (+3).
   rC:        It greatly protects you from cold.
 C - a +0 broad axe
 J - a +1 falchion of holy wrath
Missiles
 f - 2 throwing nets
 r - 6 boomerangs
 w - 3 atropa-tipped darts
 D - 6 javelins
 F - 2 poisoned darts
Armour
 s - the +2 robe of Ashenzari's Reproof {rPois rCorr Str-5 SInv}
   (You found it on level 5 of the Dungeon)

   Str:       It affects your strength (-5).
   rPois:     It protects you from poison.
   SInv:      It lets you see invisible.
   rCorr:     It protects you from acid and corrosion.
 K - a +3 leather armour of cold resistance (worn)
Jewellery
 e - a ring of positive energy (left hand)
 x - a +6 ring of strength (right hand)
 y - a ring of ice
Wands
 l - a wand of flame (17)
 B - a wand of digging (3)
Scrolls
 d - 3 scrolls of vulnerability
 g - 3 scrolls of teleportation
 h - a scroll of amnesia {unknown}
 i - a scroll of enchant weapon
 j - a scroll of summoning {unknown}
 n - a scroll of enchant armour {unknown}
 o - 5 scrolls of immolation
 q - a scroll of noise {unknown}
 t - a scroll of acquirement {unknown}
 u - a scroll of magic mapping
 E - a scroll of poison {unknown}
Potions
 c - 2 potions of berserk rage
 k - 2 potions of cancellation
 p - a potion of resistance
 A - a potion of brilliance
 G - a potion of ambrosia
 H - a potion of might
 I - 2 potions of curing


   Skills:
 + Level 8.8 Fighting
 * Level 11.8 Ranged Weapons
 - Level 5.0 Armour
 - Level 2.1 Dodging
 - Level 0.7 Stealth


You had 8 spell levels left.
You didn't know any spells.
Your spell library contained the following spells:

 Spells                   Type           Power      Damage    Failure   Level
 Necrotise                Necr           0%         1d4       50%         1
 Summon Small Mammal      Summ           0%         N/A       50%         1
 Call Canine Familiar     Summ           0%         N/A       86%         3
 Summon Guardian Golem    Hex/Summ       0%         N/A       86%         3
 Vampiric Draining        Necr           0%         2d6       86%         3
 Agony                    Necr           0%         N/A       100%        5


Dungeon Overview and Level Annotations

Branches:
Dungeon (7/15)             Temple (0/1) D:7

Altars:
Kikubaaqudgha

Shops:
D:3 *

Annotations:
D:7 Dowan


Innate Abilities, Weirdness & Mutations

You have a pair of horns on your head.
You reflexively headbutt those who attack you in melee.


Message History

You shoot an arrow. The arrow hits the ancient zyme.
The ancient zyme is moderately damaged.
The ancient zyme hits you. The ancient zyme closely misses you.
You shoot an arrow.
The arrow hits the ancient zyme but does no damage.
The ancient zyme is moderately damaged.
The ancient zyme hits you! The ancient zyme misses you.
You are too injured to fight recklessly!
You are too injured to fight recklessly!
You are too injured to fight recklessly!
You are too injured to fight recklessly!
Fire: a) +0 shortbow (drain)
Press: ? - help, Shift-Dir - straight line, p - ancient zyme Unknown command.
You shoot an arrow.
The arrow hits the ancient zyme but does no damage.
The ancient zyme is moderately damaged.
The ancient zyme hits you. The ancient zyme completely misses you.
You shoot an arrow. The arrow hits the ancient zyme.
The ancient zyme is moderately damaged.
The ancient zyme hits you! x2
* * * LOW HITPOINT WARNING * * *
You shoot an arrow. The arrow hits the ancient zyme!
The ancient zyme is severely damaged.
You shoot an arrow. The arrow hits the ancient zyme.
The ancient zyme is severely damaged.
The ancient zyme completely misses you. You furiously retaliate!
You headbutt the ancient zyme!
The ancient zyme hits you but does no damage.
You shoot an arrow.
The arrow hits the ancient zyme but does no damage.
The ancient zyme is almost destroyed.
The ancient zyme hits you.
* * * LOW HITPOINT WARNING * * *
The ancient zyme hits you!
* * * LOW HITPOINT WARNING * * *
You shoot an arrow.
The arrow barely misses the ancient zyme.
The ancient zyme hits you.
You die...

####.#
##....#
#.....#
#.....#
#.....#
#.....#
#.....#
#....@#
#...x.# #
#......
##......# .#
# .........
...........
##.##....#.#
###.#....#.
# # #


You could see an ancient zyme.

Vanquished Creatures
  A freezing wraith (Abyss:1)
  Grinder (D:5)
  Sigmund (D:2)
  Eustachio (D:6)
  Duvessa (D:7)
  A water moccasin (D:5)
  An orc warrior (D:6)
  A sky beast (D:6)
  An ogre (D:6)
  2 centaurs (D:5)
  Blork the orc (D:6)
  6 scorpions
  3 jellies (D:5)
  4 hounds
  5 orc priests
  An iron imp (Abyss:1)
  3 iguanas
  10 orc wizards
  6 adders
  4 shadow imps
  4 ufetubi
  6 worms
  2 dart slugs
  29 orcs
  11 ball pythons
  5 bats
  7 endoplasms
  3 giant cockroaches
  7 goblins
  12 hobgoblins
  3 jackals (D:3)
  A quokka (D:3)
  5 frilled lizards
  2 kobolds
  11 rats
162 creatures vanquished.

Vanquished Creatures (others)
  A human (D:6)
1 creature vanquished.

Grand Total: 163 creatures vanquished

Notes
Turn   | Place    | Note
-------+----------+-------------------------------------------
     0 | D:1      | porpoise the Minotaur Hunter began the quest for the Orb.
     0 | D:1      | Reached XP level 1. HP: 18/18 MP: 0/0
    93 | D:1      | Reached XP level 2. HP: 21/25 MP: 1/1
   434 | D:1      | Reached skill level 5 in Ranged Weapons
   872 | D:2      | Reached XP level 3. HP: 27/31 MP: 2/2
  1179 | D:2      | Noticed Sigmund
  1204 | D:2      | HP: 2/46 [something (3)]
  1210 | D:2      | Killed Sigmund
  1211 | D:2      | Reached skill level 6 in Ranged Weapons
  1211 | D:2      | Reached XP level 4. HP: 4/41 MP: 3/3
  1211 | D:2      | Reached XP level 5. HP: 5/47 MP: 4/4
  2289 | D:3      | Reached skill level 7 in Ranged Weapons
  2352 | D:3      | Reached XP level 6. HP: 53/53 MP: 5/5
  2457 | D:3      | Found Muat's General Store.
  3408 | D:4      | Reached skill level 1 in Armour
  3561 | D:4      | Reached skill level 5 in Fighting
  3893 | D:4      | Identified the +4 dagger of Guilt {protect, rC++ Str-3
                  | Int+3}
  4060 | D:4      | Reached XP level 7. HP: 45/61 MP: 6/6
  4275 | D:4      | Reached skill level 8 in Ranged Weapons
  4322 | D:4      | HP: 2/62 [orc priest/nerve-wracking pain (7)]
  4840 | D:5      | Entered Level 5 of the Dungeon
  4935 | D:5      | Noticed Grinder
  4959 | D:5      | Killed Grinder
  4960 | D:5      | Reached XP level 8. HP: 62/71 MP: 7/7
  5007 | D:5      | Reached skill level 9 in Ranged Weapons
  5047 | D:5      | Identified the +2 robe of Ashenzari's Reproof {rPois rCorr
                  | Str-5 SInv}
  6051 | D:5      | Reached skill level 5 in Armour
  6056 | D:5      | Reached skill level 10 in Ranged Weapons
  6926 | D:6      | Reached XP level 9. HP: 78/81 MP: 8/8
  7245 | D:6      | Reached skill level 11 in Ranged Weapons
  7248 | D:6      | Noticed Blork the orc
  7254 | D:6      | Killed Blork the orc
  7403 | D:6      | Found an ancient bone altar of Kikubaaqudgha.
  7468 | D:6      | Noticed Eustachio
  7480 | D:6      | Killed Eustachio
  7635 | D:7      | Noticed Duvessa
  7637 | D:7      | Noticed Dowan
  7645 | D:7      | Killed Duvessa
  7650 | Abyss:1  | Cast into level 1 of the Abyss (Dowan)
  7705 | Abyss:1  | Noticed a freezing wraith
  7716 | Abyss:1  | Noticed a thrashing horror
  7717 | Abyss:1  | Killed a freezing wraith
  7822 | Abyss:1  | Noticed an ancient zyme
  7837 | Abyss:1  | HP: 2/82 [ancient zyme (10)]
  7838 | Abyss:1  | Slain by an ancient zyme

Illustrated notes

Levels and vault maps discovered:
D:1:      dpeg_arrival_pits, layout_loops_ring
D:2:      layout_basic, minmay_circled_x, uniq_sigmund
D:3:      layout_basic, serial_corexii_hall, chequers_hall_statues_corner_a,
          chequers_hall_statues_corner_a, corexii_hall_statues_x, serial_shops,
          nicolae_shop_advertising_works [nicolae_subvault_shop_adworks]
D:4:      kennysheep_big_flooded_room, layout_basic, serial_demonic,
          serial_demonic_g, serial_demonic_a, serial_demonic_b, serial_demonic_d
D:5:      layout_loops_ring, uniq_grinder
D:6:      layout_gridville, tgw_kikubaaqudgha, st_stairs_13, uniq_blork_the_orc,
          uniq_eustachio
D:7:      layout_loops_cross, grunt_temple_overflow_diamond,
          minmay_temple_entry_purple_smoke, enter_bailey_6,
          kennysheep_generic_room_9, uniq_duvessa, uniq_crazy_yiuf_cottage
Abyss:1:  base:
D:6

Skill      XL: |  1  2  3  4  5  6  7  8  9 |
---------------+----------------------------+-----
Fighting       | 3 4 5 6 7 8 |  8.8
Ranged Weapons | 5 6 7 8 10 11 | 11.8
Armour         | 2 3 5 |  5.0
Dodging        | |  2.1
Stealth        | |  0.7

Action                     |  1- 3 |  4- 6 |  7- 9 || total
---------------------------+-------+-------+-------++-------
  Melee: Unarmed           |     5 |     3 |       ||     8
         Headbutt          |       |     1 |     6 ||     7
         Whip              |       |     3 |    23 ||    26
         Shortbow          |       |       |     1 ||     1
   Fire: Shortbow          |   111 |   134 |   306 ||   551
    Use: Scroll            |     2 |     7 |     5 ||    14
         Potion            |     2 |       |     4 ||     6
 Armour: Leather armour    |     4 |       |     3 ||     7
         Ring mail         |     9 |    12 |    40 ||    61
  Dodge: Dodged            |    22 |    25 |   105 ||   152
